 Dungeon Crawl Stone Soup version 0.31-a0-806-g0bc164a743 (webtiles) character file.

Game seed: 6638881296228902731

37 hikkokomori the Vexing (level 3, -7/27 HPs)
             Began as a Formicid Hexslinger on Sept 20, 2023.
             Mangled by a crimson imp
             ... wielding a +0 dagger of chaos
              (14 damage)
             ... on level 3 of the Dungeon.
             The game lasted 00:01:45 (1519 turns).

hikkokomori the Vexing (Formicid Hexslinger)        Turns: 1519, Time: 00:01:47

Health: -7/27      AC:  3    Str: 12    XL:     3   Next: 62%
Magic:  3/5        EV: 12    Int: 12    God:
Gold:   34         SH:  0    Dex: 18    Spells: 2/4 levels left

rFire   . . .        a - +1 sling
rCold   . . .        (no shield)
rNeg    . . .        c - +0 robe
rPois   .            (helmet unavailable)
rElec   .            (no cloak)
rCorr   .            (no gloves)
SInv    +            n - +0 pair of boots
Will    .....        (no amulet)
Stlth   ++           (no ring)
HPRegen 0.24/turn    (no ring)
MPRegen 0.09/turn

%: no passive effects
@: weak-willed, jinxed
A: permanent stasis, dig shafts and tunnels, antennae 3, four strong arms
a: Dig, Shaft Self


You were on level 3 of the Dungeon.
You visited 1 branch of the dungeon, and saw 3 of its levels.

You collected 34 gold pieces.

Inventory:

Hand Weapons
 a - a +1 sling (weapon)
Armour
 c - a +0 robe (worn)
 n - a +0 pair of boots (worn)
Magical Staves
 j - a staff of conjuration
Scrolls
 b - 3 scrolls of poison
 d - a scroll of teleportation {unknown}
 e - a scroll of blinking {unknown}
 f - 2 scrolls of enchant armour {unknown}
 g - a scroll of noise {unknown}
 h - 2 scrolls of identify {unknown}
 k - a scroll of enchant weapon {unknown}
 o - a scroll of vulnerability {unknown}
Potions
 i - a potion of heal wounds {unknown}
 l - a potion of curing {unknown}
 m - a potion of might {unknown}


   Skills:
 + Level 1.8 Fighting
 + Level 2.4 Ranged Weapons
 + Level 2.1 Dodging
 + Level 1.3 Spellcasting
 + Level 4.0 Hexes
 - Level 1.3 Fire Magic


You had 2 spell levels left.
You knew the following spells:

 Your Spells              Type           Power      Damage    Failure   Level
a - Jinxbite              Hex            20%        N/A       9%          2

Your spell library contained the following spells:

 Spells                   Type           Power      Damage    Failure   Level
 Sigil of Binding         Hex            10%        N/A       17%         3
 Inner Flame              Hex/Fire       7%         N/A       28%         3
 Cause Fear               Hex            5%         N/A       50%         4
 Dimensional Bullseye     Hex/Tloc       2%         N/A       77%         4


Dungeon Overview and Level Annotations

Branches:
Dungeon (3/15)

Altars:
Makhleb
Xom


Innate Abilities, Weirdness & Mutations

You cannot be hasted, slowed, berserked, paralysed or teleported.
You can dig through walls and to a lower floor.
You have a pair of large antennae on your head. (SInv)
Your four strong arms can wield two-handed weapons with a shield.


Message History

Press: ? - help, Shift-Dir - straight line, f/p - crimson imp
Aim: a crimson imp (46% to hit)
You shoot a sling bullet.
The sling bullet hits the crimson imp but does no damage.
The crimson imp is moderately wounded.
The crimson imp hits you with a +0 dagger of chaos.
The crimson imp freezes you.
Fire: a) +1 sling
Press: ? - help, Shift-Dir - straight line, f/p - crimson imp
Aim: a crimson imp (46% to hit)
You shoot a sling bullet.
The sling bullet misses the crimson imp.
The sling bullet hits the crimson imp!
The crimson imp is heavily wounded.
The crimson imp blinks!
Unknown command.
Fire: a) +1 sling
Press: ? - help, Shift-Dir - straight line, f - crimson imp, p - crimson imp
Aim: a crimson imp, wielding a +0 dagger of chaos (lightly wounded, 46% to hit)
You shoot a sling bullet.
The sling bullet misses the crimson imp.
You feel your willpower return.
The crimson imp hits you but does no damage.
Casting: Jinxbite (safe; 9% risk of failure)
Confirm with . or Enter, or press ? or * to list all spells.
You beckon some vexing sprites to accompany your attacks.
You feel your willpower being sapped. The crimson imp closely misses you.
The crimson imp blinks!
You shoot a sling bullet.
The sling bullet barely misses the crimson imp.
A giggling sprite leaps out and makes the crimson imp trip over its own feet.
The crimson imp is moderately wounded.
The crimson imp closely misses you.
You shoot a sling bullet.
The sling bullet barely misses the crimson imp.
The crimson imp hits you with a +0 dagger of chaos.
* * * LOW HITPOINT WARNING * * *
You are electrocuted!
Ouch! That really hurt!
You die...

###+####...###.###
,^...{,###.# #.#
##._.# #...###.#
^.5. #.......#
#†## ###.#####
#.5# #.# # ##.#
#.# #.####.#####.#
#.5@5.5......#
######.####### #.#
..# #### {


You could see 3 crimson imps.

Vanquished Creatures
  A dart slug (D:2)
  5 bats
  3 endoplasms
  2 goblins (D:1)
  5 hobgoblins
  2 jackals (D:2)
  3 kobolds (D:1)
  3 quokkas
  3 ball pythons
  3 rats
30 creatures vanquished.

Notes
Turn   | Place    | Note
-------+----------+-------------------------------------------
     0 | D:1      | hikkokomori the Formicid Hexslinger began the quest for the
                  | Orb.
     0 | D:1      | Reached XP level 1. HP: 15/15 MP: 2/2
   200 | D:1      | Found a faded altar of an unknown god.
   237 | D:1      | Reached XP level 2. HP: 21/21 MP: 3/3
   682 | D:1      | Learned a level 2 spell: Jinxbite
   755 | D:2      | Reached XP level 3. HP: 26/26 MP: 4/4
   852 | D:2      | Reached skill level 4 in Hexes
   926 | D:2      | Found a burning altar of Makhleb.
  1478 | D:3      | Found a shimmering altar of Xom.
  1519 | D:3      | Mangled by a crimson imp

Illustrated notes

Levels and vault maps discovered:
D:1:      lightli_arrival_noodles, layout_loops_cross,
          dreamdust_ecumenical_altar_statues
D:2:      layout_basic, serial_corexii_hall, corexii_hall_statues_i,
          chequers_hall_statues_wall_a, chequers_hall_statues_wall_a,
          basic_altar
D:3:      layout_loops_ring, grunt_temple_overflow_octagram, led_xom_imps,
          uniq_sigmund, uniq_ijyb

Skill      XL: |  1  2  3 |
---------------+----------+-----
Dodging        | 2 |  2.1
Hexes          | 4 |  4.0
Fighting       | |  1.8
Ranged Weapons | |  2.4
Spellcasting   | |  1.3
Fire Magic     | |  1.3

Action                     || total
---------------------------++-------
   Fire: Sling             ||   111
   Cast: Jinxbite          ||     2
 Armour: Robe              ||    31
  Dodge: Dodged            ||    30

Table legend: (Time is in decaauts)
 A = Elapsed time spent in this place.
 B = Non-inter-level travel time spent in this place.
 C = Inter-level travel time spent in this place.
 D = Time resting spent in this place.
 E = Time spent auto-exploring this place.
 F = Levels seen in this place.
 G = Mean time per level.
                   A        B        C        D        E       F      G
               +--------+--------+--------+--------+--------+-----+--------+
         Total |   1550 |   1433 |    117 |     44 |   1142 |   3 |  516.7 |
       Dungeon |   1550 |   1433 |    117 |     44 |   1142 |   3 |  516.7 |
               +--------+--------+--------+--------+--------+-----+--------+

Top non-repeatable levels by time:
     D:1: 719 daAuts
     D:2: 661 daAuts
     D:3: 169 daAuts
